 Dungeon Crawl Stone Soup version 0.25.1-8-g42b30a86e7 (webtiles) character file.

Game seed: 17228049280485455393

91 hawla the Conjurer (level 4, -1/35 HPs)
             Began as a Draconian Conjurer on Dec 21, 2020.
             Slain by Crazy Yiuf
             ... wielding a +3 quarterstaff of chaos
              (7 damage)
             ... on level 2 of the Dungeon.
             The game lasted 00:05:42 (2869 turns).

hawla the Conjurer (Draconian Conjurer)             Turns: 2869, Time: 00:05:43

Health: -1/35      AC:  5    Str: 10    XL:     4   Next: 33%
Magic:  0/8        EV: 12    Int: 17    God:
Gold:   140        SH:  0    Dex: 11    Spells: 1/8 levels left

rFire    . . .     SeeInvis .   j - +0 dagger
rCold    . . .     Gourm    .   (no shield)
rNeg     . . .     Faith    .   (armour unavailable)
rPois    .         Spirit   .   (helmet restricted)
rElec    .         Reflect  .   (no cloak)
rCorr    .         Harm     .   (no gloves)
MR       .....                  (no boots)
Stlth    ++........             (no amulet)
HPRegen  0.11/turn              (no ring)
MPRegen  0.11/turn              (no ring)

@: stab, hasted, lightly drained, very quick
A: unfitting armour, cold-blooded, AC +5
a: no special abilities


You were on level 2 of the Dungeon.
You were hungry.

You visited 1 branch of the dungeon, and saw 2 of its levels.

You collected 140 gold pieces.

Inventory:

Hand Weapons
 j - a +0 dagger (weapon)
Missiles
 d - 25 poisoned darts (quivered)
Scrolls
 c - 4 scrolls of identify {unknown}
 e - 3 scrolls of teleportation {unknown}
 f - a scroll of fog {unknown}
 h - a scroll of immolation {unknown}
 i - a scroll of random uselessness {unknown}
 k - a scroll of enchant armour {unknown}
Potions
 a - a potion of stabbing
Comestibles
 b - 3 rations
 l - a chunk of flesh


   Skills:
 - Level 1.0(0.7) Fighting
 - Level 2.0(1.7) Dodging
 - Level 2.0(1.7) Stealth
 + Level 2.7(2.4) Spellcasting
 + Level 5.0(4.7) Conjurations
 * Level 0.6(0.3) Translocations


You had one spell level left.
You knew the following spells:

 Your Spells              Type           Power        Failure   Level  Hunger
a - Magic Dart            Conj           ###.         2%          1    #......
b - Searing Ray           Conj           ###...       4%          2    ##.....
c - Iskenderun's Mystic   Conj/Tloc      ##......     54%         4    #####..

Your spell library contained the following spells:

 Spells                   Type           Power        Failure   Level  Hunger
 Dazzling Flash           Conj/Hex       ##....       22%         3    ###....
 Fulminant Prism          Conj/Hex       ##........   56%         4    #####..


Dungeon Overview and Level Annotations

Branches:
Dungeon (2/15)

Altars:
Cheibriados
Qazlal

Annotations:
D:2 Crazy Yiuf


Innate Abilities, Weirdness & Mutations

Your plain brown scales are hard. (AC +5)
You cannot fit into any form of body armour.
You are cold-blooded and may be slowed by cold attacks.


Message History

The searing ray hits Crazy Yiuf!
Crazy Yiuf is heavily wounded. (Press . to maintain the ray.) Without enough magic to sustain it, your searing ray dissipates.
You hit Crazy Yiuf.
Your tail-slap misses Crazy Yiuf.
Crazy Yiuf is severely wounded.
Crazy Yiuf hits you with a +3 quarterstaff of chaos!
* * * LOW HITPOINT WARNING * * *
You feel drained.
* * * LOW HITPOINT WARNING * * *
You hit Crazy Yiuf but do no damage.
Crazy Yiuf is heavily wounded.
You closely miss Crazy Yiuf.
Crazy Yiuf is heavily wounded.
Crazy Yiuf laughs, "Key ragdoll mumblescurry!"
Crazy Yiuf barely misses you.
You completely miss Crazy Yiuf. You tail-slap Crazy Yiuf.
Crazy Yiuf is severely wounded.
Crazy Yiuf hits you with a +3 quarterstaff of chaos!
You die...

..........#####
#####......#
.#..<.....# #......#
..........# #......#
.......).## #......#
##.......# #......#
#.......# #......#
#.......# ###
####......# #.......#
#)..### ##..#......##
#.......#
#...g@####...........#
#.......#
#...##..#......#####.#
#####<..# ###
###.#...### #.# ###.#
####### #.# #.# #..
#.############# ##.
#..##.........#
########.
#.............#
#........
##..#.........#
#........


You could see Crazy Yiuf.

Vanquished Creatures
  4 adders (D:2)
  2 dart slugs (D:2)
  3 leopard geckos
  4 goblins
  9 hobgoblins
  4 jackals (D:2)
  3 ball pythons (D:2)
  7 bats
  3 frilled lizards (D:2)
  2 kobolds
  9 rats
  A plant (D:1)
51 creatures vanquished.

Notes
Turn   | Place    | Note
-------+----------+-------------------------------------------
     0 | D:1      | hawla the Draconian Conjurer began the quest for the Orb.
     0 | D:1      | Reached XP level 1. HP: 14/14 MP: 3/3
   169 | D:1      | Reached XP level 2. HP: 22/22 MP: 0/5
   173 | D:1      | Learned a level 2 spell: Searing Ray
  1509 | D:2      | Reached skill level 1 in Fighting
  1562 | D:2      | Reached XP level 3. HP: 28/28 MP: 1/6
  2105 | D:2      | Found a runed translucent door.
  2106 | D:2      | Noticed Crazy Yiuf
  2276 | D:2      | Reached XP level 4. HP: 35/35 MP: 1/7
  2282 | D:2      | Learned a level 4 spell: Iskenderun's Mystic Blast
  2361 | D:2      | Found a snail-covered altar of Cheibriados.
  2376 | D:2      | Found a stormy altar of Qazlal.
  2405 | D:2      | Reached skill level 5 in Conjurations
  2869 | D:2      | Slain by Crazy Yiuf

Illustrated notes

Levels and vault maps discovered:
D:1:      eino_arrival_druids_welcome, layout_rooms, serial_forest,
          infiniplex_forest_clump_small, infiniplex_forest_clump_C,
          infiniplex_forest_clump_large, infiniplex_forest_lined_corner,
          infiniplex_forest_lined_room_3, infiniplex_forest_lined_room_2,
          infiniplex_forest_clump_diagonal, infiniplex_forest_clump_cross,
          infiniplex_forest_lined_ring
D:2:      layout_basic, minitemple, grunt_ministairs_13, uniq_crazy_yiuf_cottage

Skill      XL: |  1  2  3  4 |
---------------+-------------+-----
Stealth        | 2 |  2.0
Dodging        | 2 |  2.0
Fighting       | 1 |  1.0
Conjurations   | 5 |  5.0
Spellcasting   | |  2.7
Translocations | |  0.6

Action                   |  1- 3 |  4- 6 || total
-------------------------+-------+-------++-------
Melee: Unarmed           |    25 |       ||    25
       Tailslap          |    36 |     2 ||    38
       Dagger            |   190 |     6 ||   196
 Cast: Magic Dart        |    61 |     9 ||    70
       Searing Ray       |    11 |     8 ||    19
       Iskenderun's Myst |       |     1 ||     1
  Use: Potion            |       |     3 ||     3
  Eat: Chunk             |     6 |     2 ||     8
Armor: Skin              |     7 |       ||     7
Dodge: Dodged            |    30 |     4 ||    34
